 Dungeon Crawl Stone Soup version 0.20.1-1-g8b1a95d (webtiles) character file.

4690 Ladhar the Cleaver (level 10, -3/78 HPs)
             Began as a Minotaur Fighter on Oct 24, 2017.
             Slain by a cyclops (19 damage)
             ... on level 11 of the Dungeon.
             The game lasted 00:28:25 (6820 turns).

Ladhar the Cleaver (Minotaur Fighter)               Turns: 6820, Time: 00:28:26

Health: -3/78      AC:  9    Str: 24    XL:     10   Next: 21%
Magic:  9/9        EV:  9    Int:  5    God:
Gold:   430        SH:  0    Dex: 10    Spells: 9/9 levels left

rFire    . . .     SeeInvis .   a - +0 war axe
rCold    . . .     Gourm    .   c - +0 shield
rNeg     . . .     Faith    .   b - +0 scale mail
rPois    +         Spirit   .   (helmet restricted)
rElec    .         Reflect  .   (no cloak)
rCorr    .         Harm     .   G - +0 pair of gloves
MR       .....                  y - +0 pair of boots
Stlth    ..........             (no amulet)
Regen    0.3/turn               h - ring of flight
MPRegen  0.2/turn               l - ring of poison resistance

@: confused, very slightly contaminated, invisible
A: retaliatory headbutt, horns 2
a: Evoke Flight


You were on level 11 of the Dungeon.
You were not hungry.

You visited 2 branches of the dungeon, and saw 10 of its levels.

You collected 430 gold pieces.

Inventory:

Hand Weapons
 a - a +0 war axe (weapon)
 D - a +1 falchion of holy wrath
 I - a +7 falchion of freezing
 N - a +0 flail of crushing
 O - a +2 whip of electrocution
 P - a +4 long sword
Armour
 b - a +0 scale mail (worn)
 c - a +0 shield (worn)
 y - a +0 pair of boots (worn)
 G - a +0 pair of gloves (worn)
 K - a +0 troll leather armour
Jewellery
 h - a ring of flight (left hand)
 l - a ring of poison resistance (right hand)
Wands
 H - a wand of acid (9/15)
 M - a wand of polymorph (11/24)
Scrolls
 j - a scroll of noise {unknown}
 k - a scroll of identify
 m - 3 scrolls of remove curse
 n - 5 scrolls of teleportation
 u - a scroll of fear {unknown}
 x - a scroll of recharging {unknown}
 C - a scroll of random uselessness {unknown}
 E - 5 scrolls of enchant weapon
 F - 2 scrolls of magic mapping {unknown}
 J - a scroll of enchant armour {unknown}
Potions
 d - a potion of might
 e - 2 potions of agility
 g - 2 potions of heal wounds {unknown}
 i - 2 potions of magic
 o - a potion of degeneration {unknown}
 q - 4 potions of ambrosia
 s - 2 potions of brilliance
 t - 4 potions of invisibility
 w - a potion of berserk rage {unknown}
 z - 2 potions of lignification {unknown}
 A - 2 potions of flight {unknown}
 B - 2 potions of cancellation {unknown}
 L - a potion of curing {unknown}
Comestibles
 f - 4 bread rations
 p - 6 fruits
 r - 4 meat rations
 v - a royal jelly


   Skills:
 - Level 4.0 Fighting
 * Level 14.7(14.8) Axes
 + Level 3.4(10.4) Maces & Flails
 - Level 4.0 Armour
 - Level 2.2 Dodging
 - Level 0.1 Stealth
 + Level 8.5 Shields


You had 9 spell levels left.
You didn't know any spells.

Dungeon Overview and Level Annotations

Branches:
Dungeon (11/15)              Lair (1/6) D:10
 Temple: D:4-7          Orc: D:9-12

Altars:
Cheibriados
Dithmenos
Fedhas
Gozag
Kikubaaqudgha
Okawaru
Qazlal
Sif Muna
Uskayaw
Yredelemnul
Beogh

Annotations:
D:6 Sigmund


Innate Abilities, Weirdness & Mutations

You reflexively headbutt those who attack you in melee.
You have a pair of horns on your head.


Message History

You climb downwards.
There is a stone staircase leading up here.
You hit the cyclops but do no damage.
The cyclops is lightly wounded.
The cyclops hits you!!
* * * LOW HITPOINT WARNING * * *
You hit the cyclops.
The cyclops is lightly wounded.
Your shield and scale mail prevent you from hitting the cyclops.
Your headbutt misses the cyclops.
The cyclops is lightly wounded.
You block the cyclops's attack.
It was a potion of ambrosia.
You are confused.
You feel invigorated.
You fade into invisibility!
The cyclops hits you but does no damage.
You are very lightly contaminated with residual magic.
The cyclops hits you!!
You die...

#####
#...#
#C#
#@#
###


You could see a cyclops.

Vanquished Creatures
  The ghost of Ladhar the Severer, a journeyman MiFi (D:10)
  Psyche (D:9)
  3 trolls
  Eustachio (D:5)
  4 yaks (D:9)
  Menkaure (D:5)
  A water moccasin (Lair:1)
  2 ice beasts
  3 orc warriors
  A black bear (D:9)
  An ogre (D:9)
  2 big kobolds (D:10)
  2 bullfrogs
  A scorpion (D:10)
  5 killer bees (D:9)
  4 wights (D:10)
  4 howler monkeys
  3 crimson imps
  A centaur zombie (D:9)
  A jelly (D:6)
  3 orc wizards
  An orc priest (D:9)
  A bullfrog skeleton (D:4)
  3 worker ants
  A hound skeleton (D:10)
  8 adders
  4 gnolls
  A shadow imp (D:9)
  3 adder skeletons
  2 worms
  2 dart slugs
  5 leopard geckos
  39 orcs
  A ball python (D:1)
  4 giant cockroaches
  7 goblins
  4 hobgoblins
  6 kobolds
  3 quokkas
  4 bats (D:2)
  5 frilled lizards
  8 rats
  A fungus (D:10)
  A plant (D:10)
159 creatures vanquished.

Vanquished Creatures (others)
  A rat (D:3)
  4 fungi (D:10)
  A plant (D:10)
  5 toadstools (D:1)
11 creatures vanquished.

Grand Total: 170 creatures vanquished

Notes
Turn   | Place    | Note
-------+----------+-------------------------------------------
     0 | D:1      | Ladhar the Minotaur Fighter began the quest for the Orb.
     0 | D:1      | Reached XP level 1. HP: 19/19 MP: 0/0
    87 | D:1      | Reached XP level 2. HP: 27/27 MP: 1/1
   387 | D:1      | Reached XP level 3. HP: 33/33 MP: 2/2
   458 | D:2      | Found a hide-covered altar of Uskayaw.
   474 | D:2      | Reached skill level 3 in Axes
   533 | D:2      | Reached XP level 4. HP: 40/40 MP: 3/3
   637 | D:2      | Reached skill level 4 in Axes
  1055 | D:3      | Noticed an ice beast
  1063 | D:3      | Killed an ice beast
  1063 | D:3      | Reached skill level 5 in Axes
  1063 | D:3      | Reached XP level 5. HP: 15/46 MP: 4/4
  1302 | D:3      | Found a stormy altar of Qazlal.
  1379 | D:3      | Reached skill level 6 in Axes
  1818 | D:4      | Reached skill level 1 in Dodging
  1818 | D:4      | Reached XP level 6. HP: 51/52 MP: 5/5
  1845 | D:4      | Found an opulent altar of Gozag.
  1988 | D:4      | Reached skill level 5 in Shields
  2316 | D:4      | Reached skill level 7 in Axes
  2379 | D:4      | Found a blossoming altar of Fedhas.
  2380 | D:4      | Found a basalt altar of Yredelemnul.
  2462 | D:4      | Found a shadowy altar of Dithmenos.
  2594 | D:4      | Found an ancient bone altar of Kikubaaqudgha.
  2799 | D:5      | Entered Level 5 of the Dungeon
  2833 | D:5      | Noticed Eustachio
  2866 | D:5      | Killed Eustachio
  2866 | D:5      | Reached skill level 8 in Axes
  2866 | D:5      | Reached XP level 7. HP: 39/59 MP: 6/6
  2968 | D:5      | Found a snail-covered altar of Cheibriados.
  3482 | D:5      | Noticed Menkaure
  3489 | D:5      | Killed Menkaure
  3489 | D:5      | Reached skill level 9 in Axes
  3920 | D:6      | Found an iron altar of Okawaru.
  3972 | D:6      | Noticed Sigmund
  4017 | D:6      | You fall through a shaft for 3 floors!
  4194 | D:9      | Reached XP level 8. HP: 66/66 MP: 7/7
  4337 | D:9      | Noticed Psyche
  4337 | D:9      | Reached skill level 10 in Axes
  4358 | D:9      | Killed Psyche
  4363 | D:9      | Noticed a troll
  4377 | D:9      | Killed a troll
  4377 | D:9      | Reached skill level 11 in Axes
  4720 | D:9      | Reached skill level 12 in Axes
  4720 | D:9      | Reached XP level 9. HP: 67/71 MP: 8/8
  4816 | D:9      | Found a deep blue altar of Sif Muna.
  5107 | D:9      | Found a roughly hewn altar of Beogh.
  5167 | D:9      | Reached skill level 13 in Axes
  5497 | D:10     | Entered Level 10 of the Dungeon
  5506 | D:10     | Noticed a troll
  5520 | D:10     | Killed a troll
  5520 | D:10     | Reached skill level 1 in Maces & Flails
  5658 | D:10     | Noticed Ladhar's ghost (journeyman MiFi)
  5678 | D:10     | Killed Ladhar's ghost
  5678 | D:10     | Reached skill level 14 in Axes
  5857 | D:10     | Reached XP level 10. HP: 72/78 MP: 9/9
  5894 | D:10     | Found a staircase to the Lair.
  5965 | Lair:1   | Entered Level 1 of the Lair of Beasts
  6481 | D:10     | Noticed a cyclops
  6815 | D:11     | HP: 3/78 [cyclops (26)]
  6820 | D:11     | Slain by a cyclops

Skill      XL: |  1  2  3  4  5  6  7  8  9 10 |
---------------+-------------------------------+-----
Shields        | 4 5 7 8 |  8.5
Armour         | 4 |  4.0
Fighting       | 4 |  4.0
Axes           | 3 5 6 8 9 12 14 | 14.7
Dodging        | 1 2 |  2.2
Maces & Flails | 2 3 |  3.4
Stealth        | |  0.1

Action                   |  1- 3 |  4- 6 |  7- 9 | 10-12 || total
-------------------------+-------+-------+-------+-------++-------
Melee: War axe           |    56 |   159 |   185 |    74 ||   474
       Headbutt          |     8 |    19 |    49 |    16 ||    92
       Flail             |       |       |    38 |       ||    38
       Long sword        |       |       |       |     5 ||     5
  Use: Scroll            |       |     4 |     3 |       ||     7
       Potion            |       |       |     2 |     2 ||     4
  Eat: Chunk             |       |     4 |     6 |     1 ||    11
       Royal jelly       |       |     1 |     1 |       ||     2
       Fruit             |       |       |     1 |     3 ||     4
       Bread ration      |       |       |       |     1 ||     1
Armor: Scale mail        |    26 |    59 |    78 |    17 ||   180
Dodge: Dodged            |    15 |    41 |    71 |    22 ||   149
Block: Shield            |    25 |    79 |   107 |    44 ||   255
